 Dungeon Crawl Stone Soup version 0.20.1-1-g8b1a95d (webtiles) character file.

95 Dawnplanks the Skirmisher (level 4, -4/37 HPs)
             Began as a Demonspawn Abyssal Knight on Nov 25, 2017.
             Was a Believer of Lugonu.
             Succumbed to a kobold's poison
             ... on level 3 of the Dungeon.
             The game lasted 00:07:26 (1931 turns).

Dawnplanks the Skirmisher (DsAK)                    Turns: 1931, Time: 00:07:26

Health: -4/37      AC: 15    Str: 13    XL:     4   Next: 40%
Magic:  5/5        EV:  3    Int: 13    God:    Lugonu [**....]
Gold:   132        SH:  0    Dex: 13    Spells: 3/3 levels left

rFire    . . .     SeeInvis .   a - +2 hand axe
rCold    . . .     Gourm    .   (no shield)
rNeg     . . .     Faith    .   i - +0 plate armour
rPois    .         Spirit   .   (no helmet)
rElec    .         Reflect  .   m - +1 cloak
rCorr    .         Harm     .   (no gloves)
MR       .....                  (no boots)
Stlth    ..........             (no amulet)
Regen    0.2/turn               (no ring)
MPRegen  0.1/turn               (no ring)

@: lethally poisoned (-4 -> -60)
A: molten scales 1, demonic guardian 1, spiny 1
a: Depart the Abyss, Bend Space, Renounce Religion


You were on level 3 of the Dungeon.
You worshipped Lugonu.
Lugonu was pleased with you.
You were not hungry.

You visited 1 branch of the dungeon, and saw 3 of its levels.
You visited the Abyss 1 time.

You collected 132 gold pieces.

Inventory:

Hand Weapons
 a - a +2 hand axe (weapon)
 q - a cursed -1 dagger
Missiles
 o - 53 stones (quivered)
Armour
 b - a +0 leather armour
 i - a +0 plate armour (worn)
 m - a +1 cloak (worn)
Scrolls
 j - a scroll of magic mapping {unknown}
 k - 4 scrolls of remove curse
 n - a scroll of enchant weapon
 p - a scroll of noise {unknown}
 r - a scroll of teleportation {unknown}
 x - 2 scrolls of identify
Potions
 d - a potion of magic {unknown}
 e - a potion of haste
 f - 2 potions of mutation {unknown}
 g - a potion of flight {unknown}
 l - a potion of agility {unknown}
 s - a potion of curing {unknown}
 t - a potion of might {unknown}
 u - a potion of brilliance
 v - a potion of lignification {unknown}
 w - a potion of resistance {unknown}
Comestibles
 c - a bread ration
 h - a meat ration


   Skills:
 + Level 3.8 Fighting
 + Level 3.0 Axes
 + Level 2.3 Armour
 + Level 1.3 Dodging
 + Level 2.6 Invocations


You had 3 spell levels left.
You didn't know any spells.

Dungeon Overview and Level Annotations

Branches:
Dungeon (3/15)

Altars:


Innate Abilities, Weirdness & Mutations

You are partially covered in molten scales. (AC +2)
A weak demonic guardian rushes to your aid.
You are partially covered in sharp spines.


Message History

You see here a poisoned needle.
You feel very sick.
The kobold shoots a poisoned needle.
The poisoned needle barely misses you.
* * * LOW HITPOINT WARNING * * *
You feel very sick.
The kobold shoots a poisoned needle.
The poisoned needle hits you!
You are more poisoned.
You see here a poisoned needle.
* * * LOW HITPOINT WARNING * * *
You feel very sick.
The kobold shoots a poisoned needle.
The poisoned needle hits you!
You are more poisoned.
You see here a poisoned needle.
* * * LOW HITPOINT WARNING * * *
You feel very sick.
The kobold unwields an uncursed blowgun.
The kobold wields an uncursed dagger.
The kobold hits you but does no damage.
You hit the kobold.
The kobold is heavily wounded.
You die...

### ...#.##$.# .. #..
#..#.##..###. ..#+#..
............... ........
.............. ........
........... #......# #. #.....#
# #......#
#.##.#.#.#.##..###..##### #
#.(.(.((@K.(............. #..
#.#.(#.#.#.##.## #..##.##
.###..##.#..#.#.#
##.####..##.## ...........#.#.#
#.............
#...##.#..#.#.#...............
#......................†(.....
##...##.#..#.#.#.#...###..#####
#..........#.#.#.#...# #..# #
###..............#.#...# #..# #


You could see a kobold.

Vanquished Creatures
  4 adders
  A dart slug (D:3)
  2 leopard geckos (D:1)
  A ball python (D:2)
  5 giant cockroaches (D:1)
  4 goblins
  10 hobgoblins
  A quokka (D:2)
  10 bats
  2 frilled lizards (D:2)
  11 kobolds
  2 rats
53 creatures vanquished.

Notes
Turn   | Place    | Note
-------+----------+-------------------------------------------
     0 | Abyss:1  | Dawnplanks the Demonspawn Abyssal Knight began the quest for the Orb.
     0 | Abyss:1  | Reached XP level 1. HP: 18/18 MP: 2/2
    15 | D:1      | Escaped the Abyss
   247 | D:1      | Gained mutation: A weak demonic guardian rushes to your aid. [demonic ancestry]
   247 | D:1      | Reached XP level 2. HP: 22/24 MP: 3/3
   480 | D:1      | Reached skill level 1 in Dodging
   741 | D:1      | Reached ** piety under Lugonu
   746 | D:1      | Gained mutation: You are partially covered in sharp spines. [demonic ancestry]
   746 | D:1      | Reached XP level 3. HP: 28/30 MP: 4/4
  1417 | D:2      | Gained mutation: You are partially covered in molten scales. (AC +2) [demonic ancestry]
  1417 | D:2      | Reached XP level 4. HP: 36/37 MP: 5/5
  1930 | D:3      | HP: 1/37 [poisoned by a kobold]
  1931 | D:3      | Succumbed to a kobold's poison

Skill      XL: |  1  2  3  4 |
---------------+-------------+-----
Armour         | 2 |  2.3
Dodging        | 1 |  1.3
Axes           | 2 3 |  3.0
Fighting       | |  3.8
Invocations    | |  2.6

Action                   |  1- 3 |  4- 6 || total
-------------------------+-------+-------++-------
Melee: Hand axe          |   133 |    17 ||   150
Throw: Stone             |       |    18 ||    18
  Use: Scroll            |       |     4 ||     4
  Eat: Chunk             |     1 |       ||     1
       Meat ration       |       |     1 ||     1
Armor: Leather armour    |    50 |       ||    50
       Plate armour      |    46 |    12 ||    58
Dodge: Dodged            |    89 |     5 ||    94
